BlackHawks vs Capitals

Created - December 12, 2015 at 10:47

Goals
1 2 3 OT1 SO T
BlackHawks 0 0 0 0 1 0
Capitals 0 0 0 0 2 1
Shots
1 2 3 OT1 SO T
BlackHawks 8 11 7 0 4 26
Capitals 6 3 2 0 4 11

1st period

No Goal

Penalties :
Adam McQuaid (CHI) for Hooking (Minor) at 5:49, Mathieu Perreault (WSH) for High sticking (Minor) at 12:35, Kevin Bieksa (CHI) for Hooking (Minor) at 19:05

2nd period

No Goal

Penalties :
Morgan Rielly (WSH) for Holding (Minor) at 1:30, Bryce Salvador (WSH) for Roughing (Minor) at 4:06, Alexander Ovechkin (WSH) for Interference (Minor) at 14:43, Adam McQuaid (CHI) for Hooking (Minor) at 14:43

3rd period

No Goal

Penalties :
No Penalty

Overtime #1

No Goal

Penalties :
No Penalty

Shootout

Penalty Shot by Alex Galchenyuk for BlackHawks - Shot Misses the Net
Penalty Shot by Matt Stajan for Capitals - Goal!
Penalty Shot by Zack Kassian for BlackHawks - Goal!
Penalty Shot by Mathieu Perreault for Capitals - Stopped by Kari Lehtonen
Penalty Shot by Justin Abdelkader for BlackHawks - Stopped by Jimmy Howard
Penalty Shot by David Desharnais for Capitals - Stopped by Kari Lehtonen
Penalty Shot by Ryan OReilly for BlackHawks - Shot Misses the Net
Penalty Shot by Taylor Hall for Capitals - Goal!

Penalties :
No Penalty

Goalie Stats

Kari Lehtonen (CHI), 11 saves from 11 shots - (1.000), OTL, 10-13-4, 65:00 minutes
Jimmy Howard (WSH), 26 saves from 26 shots - (1.000), W, 13-11-2, 65:00 minutes

Players Stats for BlackHawks

Player Name              G  A  P  +/- PIM S  H  SB GA TA FO     MP     PP MP  PK MP  
------------------------------------------------------------------------------------
Adam McQuaid             0  0  0   0  4   2  1  1  0  0  0/0    16:58   0:00   0:50 
Alex Galchenyuk          0  0  0   0  0   3  0  0  0  0  0/1    22:45   2:58   0:24 
Brandon Bollig           0  0  0   0  0   1  0  0  0  0  3/6     7:03   0:00   0:00 
Dion Phaneuf             0  0  0   0  0   2  3  0  0  0  0/0    26:43   3:05   2:53 
Dwight King              0  0  0   0  0   1  0  0  0  0  2/2    16:29   2:59   0:00 
Justin Abdelkader        0  0  0   0  0   1  7  0  0  0  1/4    19:29   2:58   0:00 
Keith Aulie              0  0  0   0  0   0  0  0  0  0  0/0    15:53   0:00   0:23 
Kevin Bieksa             0  0  0   0  2   2  2  0  0  0  0/0    22:44   2:52   1:03 
Luke Gazdic              0  0  0   0  0   0  0  0  0  0  0/1     7:03   0:00   0:00 
Marcus Foligno           0  0  0   0  0   2  1  0  0  0  2/2    13:42   0:00   2:00 
Marek Zidlicky           0  0  0   0  0   1  1  0  0  0  0/0    21:55   3:05   0:00 
Mike Richards            0  0  0   0  0   0  0  0  0  0  7/11   13:42   0:00   2:00 
Robyn Regehr             0  0  0   0  0   2  1  1  0  0  0/0    25:44   2:52   2:47 
Ryan OReilly             0  0  0   0  0   3  0  0  0  0  12/27  22:52   2:58   0:36 
Ryan Reaves              0  0  0   0  0   1  0  0  0  0  1/1     7:03   0:00   0:00 
Tom Wilson               0  0  0   0  0   0  4  0  0  0  1/2    13:04   0:00   1:22 
Trevor Lewis             0  0  0   0  0   2  1  0  0  0  14/23  21:35   2:59   1:34 
Zack Kassian             0  0  0   0  0   3  1  0  0  0  2/2    19:16   2:59   0:00 

Players Stats for Capitals

Player Name              G  A  P  +/- PIM S  H  SB GA TA FO     MP     PP MP  PK MP  
------------------------------------------------------------------------------------
Alexander Ovechkin       0  0  0   0  2   0  3  0  0  0  0/1    18:34   0:47   1:42 
Alexander Semin          0  0  0   0  0   0  0  0  0  0  0/3    15:35   2:19   0:00 
Bryce Salvador           0  0  0   0  2   0  0  1  0  0  0/0    19:45   1:27   1:47 
Calvin de Haan           0  0  0   0  0   0  2  0  0  0  0/0    22:19   1:27   3:25 
Cody Eakin               0  0  0   0  0   1  0  1  0  0  7/19   20:05   1:27   1:35 
Curtis Lazar             0  0  0   0  0   0  0  0  0  0  0/0     5:28   0:12   0:00 
David Desharnais         0  0  0   0  0   2  0  0  0  0  12/21  19:49   1:27   0:07 
Derek Dorsett            0  0  0   0  0   0  2  1  0  0  0/0    13:16   0:00   0:00 
Jay Harrison             0  0  0   0  0   0  1  0  0  0  0/0     5:01   0:00   0:45 
Jiri Tlusty              0  0  0   0  0   1  1  0  0  0  1/4    18:37   2:31   0:00 
Mathieu Perreault        0  0  0   0  2   4  2  0  0  0  9/20   23:28   2:31   2:40 
Matt Stajan              0  0  0   0  0   0  0  0  0  0  8/13    9:31   0:00   4:15 
Morgan Rielly            0  0  0   0  2   0  0  2  0  0  0/0    21:42   0:00   0:00 
Nate Guenin              0  0  0   0  0   0  2  0  0  0  0/0    16:50   0:00   2:32 
Ryan McDonagh            0  0  0   0  0   0  2  1  0  0  0/0    25:00   2:31   3:25 
Ryan Murphy              0  0  0   0  0   0  0  2  0  0  0/0    16:50   0:00   0:00 
Taylor Hall              0  0  0   0  0   2  6  0  0  0  0/1    20:46   2:31   1:35 
Tomas Fleischmann        0  0  0   0  0   1  3  0  0  0  0/0    19:24   0:40   0:00 

3 Stars

1 - Jimmy Howard (WSH)
2 - Kari Lehtonen (CHI)
3 - Justin Abdelkader (CHI)

Power Play

BlackHawks - 0 on 3 Attempt(s) - 0.00%
Capitals - 0 on 2 Attempt(s) - 0.00%

Penalty Kill

BlackHawks - 2 on 2 Attempt(s) - 100.00% - Score 0 goal in Penalty Kill
Capitals - 3 on 3 Attempt(s) - 100.00% - Score 0 goal in Penalty Kill

Team Stat

BlackHawks - Hits : 22 - Faceoff Wins : 45 - Blocked Shots : 2 - Penalty Minutes : 6
Capitals - Hits : 24 - Faceoff Wins : 37 - Blocked Shots : 8 - Penalty Minutes : 8

Official

Referees : Mike Hasenfratz and Chris Lee
Linesman : Mark Wheler and Derek Amell

Game Notes

No Game Note

Finance

Level 1 -- Attendance: 2280 (35.08%) -- Ticket Income $570,000
Level 2 -- Attendance: 1628 (32.56%) -- Ticket Income $325,600
Level 3 -- Attendance: 980 (28.00%) -- Ticket Income $171,500
Level 4 -- Attendance: 633 (25.26%) -- Ticket Income $94,950
Luxury Box -- Attendance: 416 (41.60%) -- Ticket Income $166,400
Game was played at the Verizon Center.
Total Attendance: 5937 (32.08%)
Total Ticket Income: $1,328,450
Other Income: $199,268
Total Income: $1,527,718

% Time on Ice - BlackHawks

Lines # - Real PCT - Wanted PCT - Time Play
Normal Forward
1 - 33% - 38% - 15:51
2 - 28% - 32% - 13:30
3 - 24% - 20% - 11:42
4 - 15% - 10% - 7:03
Normal Defense
1 - 35% - 37% - 16:52
2 - 33% - 34% - 15:44
3 - 32% - 29% - 15:30
4 - 0% - 0% - 0:00
PP Forward
1 - 50% - 60% - 2:58
2 - 50% - 40% - 2:59
PP Defense
1 - 52% - 60% - 3:05
2 - 48% - 40% - 2:52
PK Forward
1 - 61% - 55% - 2:24
2 - 39% - 45% - 1:34
PK Defense
1 - 53% - 55% - 2:05
2 - 47% - 45% - 1:53
PK3 Forward
1 - 0% - 50%
2 - 0% - 50%
PK3 Defense
1 - 0% - 55%
2 - 0% - 45%
44 Forward
1 - 60% - 55% - 4:12
2 - 40% - 45% - 2:47
44 Defense
1 - 56% - 55% - 3:53
2 - 44% - 45% - 3:06
Last Minute Offensive  - 0:00
Last Minute Defensive  - 0:00
Total
Forward - 65:00
Defense - 65:00

% Time on Ice - Capitals

Lines # - Real PCT - Wanted PCT - Time Play
Normal Forward
1 - 33% - 36% - 16:06
2 - 30% - 33% - 14:31
3 - 28% - 16% - 13:16
4 - 9% - 15% - 4:13
Normal Defense
1 - 32% - 35% - 15:29
2 - 29% - 30% - 14:03
3 - 30% - 25% - 14:18
4 - 9% - 10% - 4:16
PP Forward
1 - 63% - 60% - 2:31
2 - 37% - 40% - 1:27
PP Defense
1 - 63% - 60% - 2:31
2 - 37% - 40% - 1:27
PK Forward
1 - 73% - 60% - 4:22
2 - 27% - 40% - 1:35
PK Defense
1 - 57% - 60% - 3:25
2 - 43% - 40% - 2:32
PK3 Forward
1 - 0% - 60%
2 - 0% - 40%
PK3 Defense
1 - 0% - 60%
2 - 0% - 40%
44 Forward
1 - 69% - 60% - 4:50
2 - 31% - 40% - 2:09
44 Defense
1 - 51% - 60% - 3:35
2 - 49% - 40% - 3:24
Last Minute Offensive  - 0:00
Last Minute Defensive  - 0:00
Total
Forward - 65:00
Defense - 65:00

Play by Play

1st period


0:01 of 1st period - David Desharnais wins face-off versus Ryan OReilly in neutral zone.
0:11 of 1st period - Icing by Robyn Regehr.
0:12 of 1st period - Mathieu Perreault wins face-off versus Ryan OReilly in BlackHawks zone.
0:27 of 1st period - Morgan Rielly is hit by Justin Abdelkader and loses puck.
1:35 of 1st period - Zack Kassian is hit by Alexander Ovechkin.
1:48 of 1st period - Off-side.
1:49 of 1st period - Mike Richards wins face-off versus Cody Eakin in neutral zone.
2:23 of 1st period - Off-side.
2:24 of 1st period - Brandon Bollig wins face-off versus David Desharnais in neutral zone.
2:38 of 1st period - Off-side.
2:39 of 1st period - David Desharnais wins face-off versus Ryan OReilly in neutral zone.
3:01 of 1st period - Shot by David Desharnais.
3:01 of 1st period - Stopped by Kari Lehtonen without a rebound.
3:02 of 1st period - Matt Stajan wins face-off versus Trevor Lewis in BlackHawks zone.
3:02 of 1st period - Matt Stajan is hit by Adam McQuaid.
3:40 of 1st period - Shot by Zack Kassian.
3:40 of 1st period - Stopped by Jimmy Howard with a rebound.
3:47 of 1st period - Icing by Jay Harrison.
3:48 of 1st period - Matt Stajan wins face-off versus Mike Richards in Capitals zone.
3:48 of 1st period - Matt Stajan is hit by Marcus Foligno.
3:53 of 1st period - Icing by Morgan Rielly.
3:54 of 1st period - Matt Stajan wins face-off versus Brandon Bollig in Capitals zone.
4:00 of 1st period - Dion Phaneuf is hit by Jay Harrison and loses puck.
4:44 of 1st period - Icing by Jay Harrison.
4:45 of 1st period - Ryan OReilly wins face-off versus Matt Stajan in Capitals zone.
5:06 of 1st period - Shot by Alex Galchenyuk.
5:06 of 1st period - Shot Blocked by Morgan Rielly.
5:49 of 1st period - Minor Penalty to Adam McQuaid for Hooking.
5:50 of 1st period - Mike Richards wins face-off versus Alexander Semin in BlackHawks zone.
7:09 of 1st period - Shot by Bryce Salvador.
7:09 of 1st period - Shot Misses the Net.
7:11 of 1st period - Shot by Alexander Ovechkin.
7:11 of 1st period - Shot Misses the Net.
7:13 of 1st period - Shot by Alexander Ovechkin.
7:13 of 1st period - Shot Misses the Net.
7:32 of 1st period - Off-side.
7:33 of 1st period - Marcus Foligno wins face-off versus Jiri Tlusty in neutral zone.
7:52 of 1st period - Shot by Ryan OReilly.
7:52 of 1st period - Shot Misses the Net.
7:54 of 1st period - Shot by Adam McQuaid.
7:54 of 1st period - Stopped by Jimmy Howard without a rebound.
7:55 of 1st period - David Desharnais wins face-off versus Ryan OReilly in Capitals zone.
8:24 of 1st period - Shot by David Desharnais.
8:24 of 1st period - Deflect By Jiri Tlusty.
8:24 of 1st period - Shot Blocked by Adam McQuaid.
9:10 of 1st period - Off-side.
9:11 of 1st period - Mathieu Perreault wins face-off versus Mike Richards in neutral zone.
9:38 of 1st period - Shot by Taylor Hall.
9:38 of 1st period - Stopped by Kari Lehtonen without a rebound.
9:39 of 1st period - David Desharnais wins face-off versus Trevor Lewis in BlackHawks zone.
9:53 of 1st period - Alexander Ovechkin is hit by Robyn Regehr.
10:20 of 1st period - Ryan Murphy is hit by Dion Phaneuf and loses puck.
10:41 of 1st period - Shot by Mathieu Perreault.
10:41 of 1st period - Stopped by Kari Lehtonen with a rebound.
10:53 of 1st period - Shot by Alex Galchenyuk.
10:53 of 1st period - Shot Misses the Net.
11:05 of 1st period - Shot by Ryan OReilly.
11:05 of 1st period - Stopped by Jimmy Howard without a rebound.
11:06 of 1st period - Marcus Foligno wins face-off versus Alexander Semin in Capitals zone.
11:20 of 1st period - Off-side.
11:21 of 1st period - Brandon Bollig wins face-off versus Cody Eakin in neutral zone.
11:48 of 1st period - Kevin Bieksa is hit by Derek Dorsett and loses puck.
12:14 of 1st period - Morgan Rielly is hit by Dion Phaneuf and loses puck.
12:22 of 1st period - Icing by Robyn Regehr.
12:23 of 1st period - Trevor Lewis wins face-off versus David Desharnais in BlackHawks zone.
12:33 of 1st period - Icing by Dwight King.
12:34 of 1st period - Zack Kassian wins face-off versus Mathieu Perreault in BlackHawks zone.
12:34 of 1st period - Zack Kassian is hit by Taylor Hall.
12:35 of 1st period - Minor Penalty to Mathieu Perreault for High sticking.
12:36 of 1st period - Matt Stajan wins face-off versus Ryan OReilly in Capitals zone.
12:36 of 1st period - Matt Stajan is hit by Justin Abdelkader.
12:48 of 1st period - Shot by Marek Zidlicky.
12:48 of 1st period - Stopped by Jimmy Howard without a rebound.
12:49 of 1st period - Trevor Lewis wins face-off versus Alexander Ovechkin in Capitals zone.
13:20 of 1st period - Shot by Robyn Regehr.
13:20 of 1st period - Stopped by Jimmy Howard without a rebound.
13:21 of 1st period - Matt Stajan wins face-off versus Justin Abdelkader in Capitals zone.
13:32 of 1st period - Shot by Dion Phaneuf.
13:32 of 1st period - Stopped by Jimmy Howard without a rebound.
13:33 of 1st period - Matt Stajan wins face-off versus Ryan OReilly in Capitals zone.
14:10 of 1st period - Shot by Ryan OReilly.
14:10 of 1st period - Stopped by Jimmy Howard without a rebound.
14:11 of 1st period - Cody Eakin wins face-off versus Trevor Lewis in Capitals zone.
14:16 of 1st period - Kevin Bieksa is hit by Taylor Hall and loses puck.
14:25 of 1st period - Shot by Robyn Regehr.
14:25 of 1st period - Shot Misses the Net.
14:27 of 1st period - Shot by Robyn Regehr.
14:27 of 1st period - Stopped by Jimmy Howard without a rebound.
14:28 of 1st period - Trevor Lewis wins face-off versus David Desharnais in Capitals zone.
14:55 of 1st period - Adam McQuaid is hit by Tomas Fleischmann and loses puck.
15:12 of 1st period - Mike Richards is hit by Mathieu Perreault and loses puck.
16:04 of 1st period - Icing by Ryan Murphy.
16:05 of 1st period - Mathieu Perreault wins face-off versus Trevor Lewis in Capitals zone.
16:10 of 1st period - Kevin Bieksa is hit by Taylor Hall and loses puck.
16:54 of 1st period - Icing by Bryce Salvador.
16:55 of 1st period - Ryan OReilly wins face-off versus David Desharnais in Capitals zone.
16:58 of 1st period - Shot by Ryan OReilly.
16:58 of 1st period - Deflect By Alex Galchenyuk.
16:58 of 1st period - Shot Blocked by Bryce Salvador.
17:29 of 1st period - Justin Abdelkader is hit by Ryan McDonagh and loses puck.
17:33 of 1st period - Icing by David Desharnais.
17:34 of 1st period - David Desharnais wins face-off versus Mike Richards in Capitals zone.
18:05 of 1st period - Adam McQuaid is hit by Derek Dorsett and loses puck.
18:09 of 1st period - Icing by Adam McQuaid.
18:10 of 1st period - Tom Wilson wins face-off versus Cody Eakin in BlackHawks zone.
19:05 of 1st period - Minor Penalty to Kevin Bieksa for Hooking.
19:06 of 1st period - Jiri Tlusty wins face-off versus Trevor Lewis in BlackHawks zone.
19:09 of 1st period - Shot by Mathieu Perreault.
19:09 of 1st period - Stopped by Kari Lehtonen with a rebound.
19:15 of 1st period - Shot by Ryan McDonagh.
19:15 of 1st period - Shot Hit the Post.
19:17 of 1st period - Shot by Taylor Hall.
19:17 of 1st period - Stopped by Kari Lehtonen without a rebound.
19:18 of 1st period - Ryan OReilly wins face-off versus David Desharnais in BlackHawks zone.
19:18 of 1st period - Ryan OReilly is hit by Tomas Fleischmann.
19:41 of 1st period - Shot by Calvin de Haan.
19:41 of 1st period - Deflect By David Desharnais.
19:41 of 1st period - Stopped by Kari Lehtonen without a rebound.
19:42 of 1st period - Mike Richards wins face-off versus Jiri Tlusty in BlackHawks zone.
19:59 of 1st period - Shot by Jiri Tlusty.
19:59 of 1st period - Shot Hit the Post.
Goals for this period are 0 for BlackHawks vs 0 for Capitals.
Shots for this period are 8 for BlackHawks vs 6 for Capitals.

2nd period


0:01 of 2nd period - Mike Richards wins face-off versus Jiri Tlusty in neutral zone.
1:10 of 2nd period - Shot by Alex Galchenyuk.
1:10 of 2nd period - Stopped by Jimmy Howard without a rebound.
1:11 of 2nd period - Ryan OReilly wins face-off versus Matt Stajan in Capitals zone.
1:27 of 2nd period - Icing by Morgan Rielly.
1:28 of 2nd period - Trevor Lewis wins face-off versus Matt Stajan in Capitals zone.
1:30 of 2nd period - Minor Penalty to Morgan Rielly for Holding.
1:31 of 2nd period - Matt Stajan wins face-off versus Ryan OReilly in Capitals zone.
1:40 of 2nd period - Shot by Dion Phaneuf.
1:40 of 2nd period - Stopped by Jimmy Howard without a rebound.
1:41 of 2nd period - Matt Stajan wins face-off versus Ryan OReilly in Capitals zone.
2:46 of 2nd period - Shot by Taylor Hall.
2:46 of 2nd period - Deflect By Cody Eakin.
2:46 of 2nd period - Stopped by Kari Lehtonen without a rebound.
2:47 of 2nd period - Trevor Lewis wins face-off versus Cody Eakin in BlackHawks zone.
2:49 of 2nd period - Robyn Regehr is hit by Taylor Hall.
2:52 of 2nd period - Kevin Bieksa is hit by Taylor Hall and loses puck.
3:30 of 2nd period - Icing by Cody Eakin.
3:31 of 2nd period - David Desharnais wins face-off versus Mike Richards in Capitals zone.
3:51 of 2nd period - Shot by Marcus Foligno.
3:51 of 2nd period - Stopped by Jimmy Howard with a rebound.
3:53 of 2nd period - Shot by Adam McQuaid.
3:53 of 2nd period - Stopped by Jimmy Howard without a rebound.
3:54 of 2nd period - Ryan OReilly wins face-off versus Cody Eakin in Capitals zone.
4:06 of 2nd period - Minor Penalty to Bryce Salvador for Roughing.
4:07 of 2nd period - Ryan OReilly wins face-off versus Matt Stajan in Capitals zone.
5:10 of 2nd period - Shot by Kevin Bieksa.
5:10 of 2nd period - Shot Misses the Net.
5:12 of 2nd period - Shot by Robyn Regehr.
5:12 of 2nd period - Shot Blocked by Ryan McDonagh.
5:14 of 2nd period - Shot by Robyn Regehr.
5:14 of 2nd period - Shot Misses the Net.
5:18 of 2nd period - Shot by Dwight King.
5:18 of 2nd period - Stopped by Jimmy Howard without a rebound.
5:19 of 2nd period - Trevor Lewis wins face-off versus Taylor Hall in Capitals zone.
5:22 of 2nd period - Shot by Kevin Bieksa.
5:22 of 2nd period - Stopped by Jimmy Howard without a rebound.
5:23 of 2nd period - Dwight King wins face-off versus Cody Eakin in Capitals zone.
6:20 of 2nd period - Alexander Ovechkin is hit by Tom Wilson and loses puck.
7:26 of 2nd period - Icing by Keith Aulie.
7:27 of 2nd period - Mike Richards wins face-off versus Mathieu Perreault in BlackHawks zone.
7:38 of 2nd period - Calvin de Haan is hit by Tom Wilson and loses puck.
8:05 of 2nd period - Shot by Mathieu Perreault.
8:05 of 2nd period - Stopped by Kari Lehtonen without a rebound.
8:06 of 2nd period - Cody Eakin wins face-off versus Trevor Lewis in BlackHawks zone.
8:31 of 2nd period - Shot by Trevor Lewis.
8:31 of 2nd period - Stopped by Jimmy Howard without a rebound.
8:32 of 2nd period - David Desharnais wins face-off versus Justin Abdelkader in Capitals zone.
9:28 of 2nd period - Ryan Murphy is hit by Trevor Lewis and loses puck.
9:33 of 2nd period - Jiri Tlusty is hit by Zack Kassian and loses puck.
10:05 of 2nd period - Shot by Trevor Lewis.
10:05 of 2nd period - Shot Misses the Net.
10:37 of 2nd period - Shot by Brandon Bollig.
10:37 of 2nd period - Stopped by Jimmy Howard without a rebound.
10:38 of 2nd period - Ryan OReilly wins face-off versus Cody Eakin in Capitals zone.
10:38 of 2nd period - Ryan OReilly is hit by Calvin de Haan.
10:40 of 2nd period - Shot by Justin Abdelkader.
10:40 of 2nd period - Stopped by Jimmy Howard without a rebound.
10:41 of 2nd period - Cody Eakin wins face-off versus Ryan OReilly in Capitals zone.
10:41 of 2nd period - Cody Eakin is hit by Justin Abdelkader.
11:55 of 2nd period - Shot by Zack Kassian.
11:55 of 2nd period - Stopped by Jimmy Howard with a rebound.
12:11 of 2nd period - Shot by Dwight King.
12:11 of 2nd period - Shot Misses the Net.
13:29 of 2nd period - Icing by Kevin Bieksa.
13:30 of 2nd period - Cody Eakin wins face-off versus Brandon Bollig in BlackHawks zone.
13:30 of 2nd period - Cody Eakin is hit by Kevin Bieksa.
13:45 of 2nd period - Icing by Cody Eakin.
13:46 of 2nd period - Cody Eakin wins face-off versus Ryan OReilly in Capitals zone.
13:46 of 2nd period - Cody Eakin is hit by Justin Abdelkader.
14:13 of 2nd period - Icing by Alexander Semin.
14:14 of 2nd period - Trevor Lewis wins face-off versus Cody Eakin in Capitals zone.
14:14 of 2nd period - Trevor Lewis is hit by Calvin de Haan.
14:43 of 2nd period - Minor Penalty to Alexander Ovechkin for Interference.
14:43 of 2nd period - Minor Penalty to Adam McQuaid for Hooking.
14:44 of 2nd period - Trevor Lewis wins face-off versus Mathieu Perreault in BlackHawks zone.
15:07 of 2nd period - Shot by Alex Galchenyuk.
15:07 of 2nd period - Shot Blocked by Cody Eakin.
15:11 of 2nd period - Shot by Alex Galchenyuk.
15:11 of 2nd period - Shot Misses the Net.
15:19 of 2nd period - Shot by Alex Galchenyuk.
15:19 of 2nd period - Stopped by Jimmy Howard without a rebound.
15:20 of 2nd period - David Desharnais wins face-off versus Ryan OReilly in Capitals zone.
17:03 of 2nd period - Off-side.
17:04 of 2nd period - Ryan Reaves wins face-off versus Cody Eakin in neutral zone.
18:01 of 2nd period - Icing by Dion Phaneuf.
18:02 of 2nd period - David Desharnais wins face-off versus Brandon Bollig in BlackHawks zone.
18:24 of 2nd period - Ryan OReilly is hit by Ryan McDonagh.
18:56 of 2nd period - Bryce Salvador is hit by Justin Abdelkader and loses puck.
19:20 of 2nd period - Icing by Justin Abdelkader.
19:21 of 2nd period - Mathieu Perreault wins face-off versus Ryan OReilly in BlackHawks zone.
19:35 of 2nd period - Shot by Tomas Fleischmann.
19:35 of 2nd period - Stopped by Kari Lehtonen with a rebound.
Goals for this period are 0 for BlackHawks vs 0 for Capitals.
Shots for this period are 11 for BlackHawks vs 3 for Capitals.

3rd period


0:01 of 3rd period - David Desharnais wins face-off versus Trevor Lewis in neutral zone.
0:14 of 3rd period - Zack Kassian is hit by Alexander Ovechkin and loses puck.
1:34 of 3rd period - Icing by Marek Zidlicky.
1:35 of 3rd period - Ryan OReilly wins face-off versus Alexander Semin in BlackHawks zone.
1:46 of 3rd period - Shot by Alex Galchenyuk.
1:46 of 3rd period - Shot Blocked by Derek Dorsett.
1:48 of 3rd period - Shot by Kevin Bieksa.
1:48 of 3rd period - Stopped by Jimmy Howard with a rebound.
1:50 of 3rd period - Shot by Marek Zidlicky.
1:50 of 3rd period - Shot Blocked by Ryan Murphy.
2:13 of 3rd period - Ryan OReilly is hit by Nate Guenin and loses puck.
2:50 of 3rd period - Shot by Marcus Foligno.
2:50 of 3rd period - Stopped by Jimmy Howard without a rebound.
2:51 of 3rd period - Mathieu Perreault wins face-off versus Luke Gazdic in Capitals zone.
4:01 of 3rd period - Icing by Calvin de Haan.
4:02 of 3rd period - Mathieu Perreault wins face-off versus Trevor Lewis in Capitals zone.
4:06 of 3rd period - Off-side.
4:07 of 3rd period - Trevor Lewis wins face-off versus David Desharnais in neutral zone.
4:42 of 3rd period - Keith Aulie is hit by Alexander Ovechkin and loses puck.
5:40 of 3rd period - Shot by Ryan OReilly.
5:40 of 3rd period - Deflect By Justin Abdelkader.
5:40 of 3rd period - Shot Misses the Net.
6:09 of 3rd period - Icing by Dion Phaneuf.
6:10 of 3rd period - Ryan OReilly wins face-off versus Mathieu Perreault in BlackHawks zone.
6:23 of 3rd period - Marek Zidlicky is hit by Taylor Hall and loses puck.
6:48 of 3rd period - Shot by Tom Wilson.
6:48 of 3rd period - Deflect By Mike Richards.
6:48 of 3rd period - Shot Blocked by Morgan Rielly.
7:21 of 3rd period - Alexander Ovechkin is hit by Marek Zidlicky and loses puck.
7:25 of 3rd period - Jiri Tlusty is hit by Kevin Bieksa and loses puck.
7:55 of 3rd period - Off-side.
7:56 of 3rd period - Cody Eakin wins face-off versus Ryan OReilly in neutral zone.
8:22 of 3rd period - Icing by Ryan OReilly.
8:23 of 3rd period - Mathieu Perreault wins face-off versus Alex Galchenyuk in BlackHawks zone.
8:25 of 3rd period - Taylor Hall is hit by Dion Phaneuf and loses puck.
9:50 of 3rd period - Icing by Dwight King.
9:51 of 3rd period - Trevor Lewis wins face-off versus Cody Eakin in BlackHawks zone.
10:26 of 3rd period - Ryan Murphy is hit by Tom Wilson and loses puck.
11:07 of 3rd period - Shot by Ryan Reaves.
11:07 of 3rd period - Stopped by Jimmy Howard without a rebound.
11:08 of 3rd period - Ryan OReilly wins face-off versus Mathieu Perreault in Capitals zone.
11:30 of 3rd period - Shot by Mathieu Perreault.
11:30 of 3rd period - Stopped by Kari Lehtonen without a rebound.
11:31 of 3rd period - David Desharnais wins face-off versus Trevor Lewis in BlackHawks zone.
13:25 of 3rd period - Shot by Cody Eakin.
13:25 of 3rd period - Shot Misses the Net.
13:30 of 3rd period - Icing by Adam McQuaid.
13:31 of 3rd period - Mike Richards wins face-off versus Cody Eakin in BlackHawks zone.
13:36 of 3rd period - Cody Eakin is hit by Tom Wilson and loses puck.
13:45 of 3rd period - Shot by Mike Richards.
13:45 of 3rd period - Shot Misses the Net.
15:19 of 3rd period - Icing by Ryan McDonagh.
15:20 of 3rd period - Ryan OReilly wins face-off versus David Desharnais in Capitals zone.
15:21 of 3rd period - Shot by Alex Galchenyuk.
15:21 of 3rd period - Stopped by Jimmy Howard without a rebound.
15:22 of 3rd period - Mathieu Perreault wins face-off versus Ryan OReilly in Capitals zone.
15:22 of 3rd period - Mathieu Perreault is hit by Justin Abdelkader.
16:49 of 3rd period - Shot by Luke Gazdic.
16:49 of 3rd period - Shot Blocked by Ryan Murphy.
17:08 of 3rd period - Icing by Nate Guenin.
17:09 of 3rd period - Trevor Lewis wins face-off versus Cody Eakin in Capitals zone.
17:10 of 3rd period - Shot by Dwight King.
17:10 of 3rd period - Shot Misses the Net.
17:12 of 3rd period - Shot by Keith Aulie.
17:12 of 3rd period - Shot Misses the Net.
17:16 of 3rd period - Shot by Adam McQuaid.
17:16 of 3rd period - Shot Misses the Net.
17:18 of 3rd period - Shot by Trevor Lewis.
17:18 of 3rd period - Stopped by Jimmy Howard without a rebound.
17:19 of 3rd period - David Desharnais wins face-off versus Tom Wilson in Capitals zone.
18:10 of 3rd period - Icing by Adam McQuaid.
18:11 of 3rd period - Mike Richards wins face-off versus Mathieu Perreault in BlackHawks zone.
18:30 of 3rd period - Shot by Taylor Hall.
18:30 of 3rd period - Shot Blocked by Robyn Regehr.
18:59 of 3rd period - Shot by Zack Kassian.
18:59 of 3rd period - Stopped by Jimmy Howard without a rebound.
19:00 of 3rd period - Cody Eakin wins face-off versus Ryan OReilly in Capitals zone.
19:12 of 3rd period - Alex Galchenyuk is hit by Nate Guenin and loses puck.
19:17 of 3rd period - Shot by Ryan OReilly.
19:17 of 3rd period - Stopped by Jimmy Howard without a rebound.
19:18 of 3rd period - Brandon Bollig wins face-off versus David Desharnais in Capitals zone.
19:33 of 3rd period - Marek Zidlicky is hit by Jiri Tlusty and loses puck.
19:40 of 3rd period - Shot by Jiri Tlusty.
19:40 of 3rd period - Stopped by Kari Lehtonen without a rebound.
19:41 of 3rd period - Dwight King wins face-off versus Matt Stajan in BlackHawks zone.
19:41 of 3rd period - Dwight King is hit by Tomas Fleischmann.
Goals for this period are 0 for BlackHawks vs 0 for Capitals.
Shots for this period are 7 for BlackHawks vs 2 for Capitals.

Overtime #1


0:01 of 1st overtime period - Trevor Lewis wins face-off versus Mathieu Perreault in neutral zone.
0:24 of 1st overtime period - Alex Galchenyuk is hit by Mathieu Perreault and loses puck.
0:51 of 1st overtime period - Icing by Ryan McDonagh.
0:52 of 1st overtime period - Zack Kassian wins face-off versus Mathieu Perreault in Capitals zone.
2:01 of 1st overtime period - Icing by Morgan Rielly.
2:02 of 1st overtime period - Trevor Lewis wins face-off versus David Desharnais in Capitals zone.
2:09 of 1st overtime period - Shot by Alex Galchenyuk.
2:09 of 1st overtime period - Shot Misses the Net.
3:39 of 1st overtime period - Icing by Ryan OReilly.
3:40 of 1st overtime period - Mathieu Perreault wins face-off versus Justin Abdelkader in BlackHawks zone.
3:48 of 1st overtime period - Icing by Dion Phaneuf.
3:49 of 1st overtime period - Justin Abdelkader wins face-off versus Mathieu Perreault in BlackHawks zone.
3:56 of 1st overtime period - Calvin de Haan is hit by Justin Abdelkader and loses puck.
4:00 of 1st overtime period - Icing by Calvin de Haan.
4:01 of 1st overtime period - Trevor Lewis wins face-off versus Mathieu Perreault in Capitals zone.
4:39 of 1st overtime period - Icing by Cody Eakin.
4:40 of 1st overtime period - Ryan OReilly wins face-off versus Mathieu Perreault in Capitals zone.
4:45 of 1st overtime period - Shot by Zack Kassian.
4:45 of 1st overtime period - Shot Misses the Net.
Goals for this period are 0 for BlackHawks vs 0 for Capitals.
Shots for this period are 0 for BlackHawks vs 0 for Capitals.

ShootOut


5:00 of 1st overtime period - Penalty Shot by Alex Galchenyuk for BlackHawks.
5:00 of 1st overtime period - Shot Misses the Net.
5:00 of 1st overtime period - Penalty Shot by Matt Stajan for Capitals.
5:00 of 1st overtime period - Goal by Matt Stajan.
5:00 of 1st overtime period - Penalty Shot by Zack Kassian for BlackHawks.
5:00 of 1st overtime period - Goal by Zack Kassian.
5:00 of 1st overtime period - Penalty Shot by Mathieu Perreault for Capitals.
5:00 of 1st overtime period - Stopped by Kari Lehtonen.
5:00 of 1st overtime period - Penalty Shot by Justin Abdelkader for BlackHawks.
5:00 of 1st overtime period - Stopped by Jimmy Howard.
5:00 of 1st overtime period - Penalty Shot by David Desharnais for Capitals.
5:00 of 1st overtime period - Stopped by Kari Lehtonen.
5:00 of 1st overtime period - Penalty Shot by Ryan OReilly for BlackHawks.
5:00 of 1st overtime period - Shot Misses the Net.
5:00 of 1st overtime period - Penalty Shot by Taylor Hall for Capitals.
5:00 of 1st overtime period - Goal by Taylor Hall.